 Dungeon Crawl Stone Soup version 0.23.2-1-ga50397a (webtiles) character file.

Game seed: 8414990609569975729

156 Ethylacetat the Poker (level 5, -1/41 HPs)
             Began as a Demonspawn Gladiator on May 7, 2019.
             Slain by an ogre
             ... wielding a +0 giant club
              (17 damage)
             ... on level 3 of the Dungeon.
             The game lasted 00:07:32 (2739 turns).

Ethylacetat the Poker (Demonspawn Gladiator)        Turns: 2739, Time: 00:07:32

Health: -1/41      AC:  6    Str: 15      XL:     5   Next: 14%
Magic:  5/5        EV: 12    Int: 12 (13) God:
Gold:   222        SH:  0    Dex: 15      Spells: 4/4 levels left

rFire    . . .     SeeInvis .   a - +0 trident
rCold    + . .     Gourm    .   (no shield)
rNeg     . . .     Faith    .   b - +0 leather armour
rPois    .         Spirit   .   (helmet restricted)
rElec    .         Reflect  .   (no cloak)
rCorr    .         Harm     .   (no gloves)
MR       .....                  (no boots)
Stlth    +.........             (no amulet)
HPRegen  0.13/turn              i - +2 ring of intelligence
MPRegen  0.09/turn              (no ring)

@: lethally poisoned (-1 -> -3)
A: antennae 1, yellow scales 2, clever 1, cold resistance 1, deterioration 1
a: no special abilities


You were on level 3 of the Dungeon.
You were not hungry.

You visited 1 branch of the dungeon, and saw 3 of its levels.

You collected 222 gold pieces.

Inventory:

Hand Weapons
 a - a +0 trident (weapon)
Missiles
 d - 3 throwing nets (quivered)
Armour
 b - a +0 leather armour (worn)
Jewellery
 i - a +2 ring of intelligence (left hand)
Scrolls
 c - a scroll of fog {unknown}
 g - 2 scrolls of enchant weapon {unknown}
 h - a scroll of magic mapping {unknown}
 k - 3 scrolls of teleportation {unknown}
 l - a scroll of enchant armour {unknown}
 n - a scroll of identify {unknown}
Comestibles
 f - 4 rations


   Skills:
 + Level 3.4 Fighting
 * Level 4.6 Polearms
 - Level 1.7 Throwing
 - Level 2.6 Dodging


You had 4 spell levels left.
You didn't know any spells.
Your spell library was empty.

Dungeon Overview and Level Annotations

Branches:
Dungeon (3/15)

Altars:
Elyvilon
Xom
Yredelemnul


Innate Abilities, Weirdness & Mutations

You have a pair of small antennae on your head.
You are mostly covered in yellow scales. (AC +3)
Your flesh is cold resistant. (rC+)
Your mind is acute. (Int +2)
Your body sometimes deteriorates upon taking damage.


Message History

You are too injured to fight recklessly!
You are too injured to fight recklessly!
You are too injured to fight recklessly!
You closely miss the kobold.
You feel sick. The kobold hits you but does no damage.
You barely miss the kobold. The kobold hits you but does no damage.
You closely miss the kobold. The kobold closely misses you.
All of the chunks of flesh in your inventory have rotted away.
You hit the kobold but do no damage.
You feel sick.
The kobold hits you with a +0 short sword.
You barely miss the kobold. The kobold hits you but does no damage.
You closely miss the kobold. The kobold closely misses you.
You hit the kobold but do no damage.
You feel sick. The kobold hits you but does no damage.
You hit the kobold.
You kill the kobold!
You puncture the ogre!
The ogre is moderately wounded.
The ogre hits you with a +0 giant club!
You die...

#.# #.# #.# #.# #.#
#.# #<#
.##.##.###########.#
.........##.O@.......
..#..###.##.#######..
#. #.....# #
####..#####
#(.........
...........####.
...........#
...#.#.....# ..
#.#.....#


You could see an ogre.

Vanquished Creatures
  8 adders
  An ooze (D:3)
  An adder zombie (D:3)
  2 worms (D:2)
  3 dart slugs (D:1)
  3 giant cockroaches (D:1)
  8 goblins
  7 hobgoblins
  5 jackals (D:1)
  6 kobolds
  A quokka (D:2)
  A ball python (D:1)
  7 bats
  5 frilled lizards
  12 rats
70 creatures vanquished.

Notes
Turn   | Place    | Note
-------+----------+-------------------------------------------
     0 | D:1      | Ethylacetat the Demonspawn Gladiator began the quest for
                  | the Orb.
     0 | D:1      | Reached XP level 1. HP: 16/16 MP: 1/1
   139 | D:1      | Reached skill level 3 in Polearms
   157 | D:1      | Gained mutation: You are partially covered in yellow
                  | scales. (AC +2) [demonic ancestry]
   157 | D:1      | Reached XP level 2. HP: 19/22 MP: 2/2
   291 | D:1      | Gained mutation: You have a pair of small antennae on your
                  | head. [demonic ancestry]
   291 | D:1      | Reached XP level 3. HP: 28/28 MP: 3/3
  1069 | D:2      | Found a white marble altar of Elyvilon.
  1123 | D:2      | Found a basalt altar of Yredelemnul.
  1279 | D:2      | HP: 2/42 [poisoned by an adder]
  1639 | D:2      | Reached skill level 4 in Polearms
  1711 | D:2      | Reached XP level 4. HP: 34/34 MP: 4/4
  1941 | D:2      | Found a shimmering altar of Xom.
  2252 | D:2      | Gained mutation: You are mostly covered in yellow scales.
                  | (AC +3) [potion of mutation]
  2252 | D:2      | Gained mutation: Your body sometimes deteriorates upon
                  | taking damage. [potion of mutation]
  2252 | D:2      | Gained mutation: Your mind is acute. (Int +2) [potion of
                  | mutation]
  2702 | D:3      | Noticed an ogre
  2725 | D:3      | Gained mutation: Your flesh is cold resistant. (rC+)
                  | [demonic ancestry]
  2725 | D:3      | Reached XP level 5. HP: 26/41 MP: 5/5
  2739 | D:3      | Slain by an ogre

Skill      XL: |  1  2  3  4 |
---------------+-------------+-----
Polearms       | 3 4 |  4.6
Fighting       | 3 |  3.4
Throwing       | |  1.7
Dodging        | |  2.6

Action                   |  1- 3 |  4- 6 || total
-------------------------+-------+-------++-------
Melee: Trident           |   134 |   131 ||   265
Throw: Throwing net      |       |     1 ||     1
  Use: Potion            |     2 |     4 ||     6
 Stab: Sleeping          |     2 |     2 ||     4
  Eat: Chunk             |     3 |     3 ||     6
Armor: Leather armour    |    41 |    52 ||    93
       Skin              |     6 |       ||     6
Dodge: Dodged            |    77 |    88 ||   165
